 Dungeon Crawl Stone Soup version 0.31-a0-167-g1c394c0614 (webtiles) character file.

Game seed: 11632088397042402419

107 qw the Shooter (level 4, -4/42 HPs)
             Began as a Naga Hunter on June 14, 2023.
             Slain by Natasha (9 damage)
             ... on level 2 of the Dungeon.
             The game lasted 00:00:24 (1224 turns).

qw the Shooter (Naga Hunter)                        Turns: 1224, Time: 00:00:25

Health: -4/42      AC:  2    Str: 14    XL:     4   Next: 85%
Magic:  4/4        EV:  9    Int:  9    God:
Gold:   71         SH:  0    Dex: 16    Spells: 3/3 levels left

rFire   . . .        Y - +0 shortbow
rCold   . . .        (shield currently unavailable)
rNeg    . . .        c - +0 leather armour
rPois   +            (no helmet)
rElec   .            (no cloak)
rCorr   .            (no gloves)
SInv    +            (no barding)
Will    .....        (no amulet)
Stlth   ++           (no ring)
HPRegen 0.27/turn    (no ring)
MPRegen 0.09/turn

%: no passive effects
@: slowed, very slow
A: AC +1, large, see invisible, deformed body, poison resistance, slowness 2,
spit poison 1, naga tail 1
a: Spit Poison


You were on level 2 of the Dungeon.
You visited 1 branch of the dungeon, and saw 2 of its levels.

You collected 71 gold pieces.


Innate Abilities, Weirdness & Mutations

Your serpentine skin is tough. (AC +1)
You have supernaturally acute eyesight. (SInv)
Armour fits poorly on your strangely shaped body.
Your system is resistant to poisons. (rPois)
You cover ground very slowly.
You can spit poison.
You have a snake-like lower body.


   Skills:
 - Level 3.1 Fighting
 + Level 5.0 Ranged Weapons
 - Level 1.5 Dodging
 - Level 1.5 Stealth


You had 3 spell levels left.
You didn't know any spells.
Your spell library was empty.

Inventory:

Hand Weapons
 Y - a +0 shortbow (weapon)
Armour
 c - a +0 leather armour (worn)
Potions
 a - a potion of heal wounds {unknown}
 d - 2 potions of attraction {unknown}
 f - a potion of resistance {unknown}
 j - a potion of mutation {unknown}

Dungeon Overview and Level Annotations

Branches:
Dungeon (2/15)

Altars:

Annotations:
D:2 Natasha


Message History

Natasha moves out of view.
Enter note:
Enter note:
1216 ||| INVOKING Spit Poison.
Aiming: Spit Poison (1% risk of failure)
Press: ? - help, Shift-Dir - straight line, f - adder The splash of poison misses the adder.
You shoot an arrow. The arrow hits the adder.
The adder is heavily wounded.
You shoot an arrow. The arrow closely misses the adder.
The adder bites you.
You shoot an arrow. The arrow misses the adder.
You have got your breath back.
Natasha howls an incantation.
You feel troubled. The adder bites you.
Natasha growls.
1220 ||| INVOKING Spit Poison.
Aiming: Spit Poison (1% risk of failure)
Press: ? - help, Shift-Dir - straight line, f/p - adder The splash of poison misses the adder.
The adder bites you. The hobgoblin hits you.
Natasha extends her claws.
The adder bites you.
You shoot an arrow. The arrow closely misses the adder.
Natasha claws you. The hobgoblin closely misses you. The adder bites you.
Natasha closely misses you.
You shoot an arrow. The arrow closely misses the adder.
The adder bites you. The hobgoblin hits you. The adder closely misses you.
Natasha stares at you and mumbles some strange words.
You feel yourself slow down. The hobgoblin closely misses you.
You shoot an arrow. The arrow hits the adder!
You kill the adder!
Natasha claws you! The hobgoblin hits you. Natasha claws you!
Your Fighting skill increases to level 3!
You shoot an arrow. The arrow hits Natasha!
Natasha is heavily wounded.
You have got your breath back.
The hobgoblin barely misses you. Natasha claws you!
You die...

################
...............#
##############.###
##...## #..g@.#
#..h.......# ##
#.....##.#.# ...
......## .. .##
..###.### .# ..# .
#.# #.# #.# # .. #


You could see Natasha and a hobgoblin.

Vanquished Creatures
  2 orc priests (D:2)
  An adder (D:2)
  A dart slug (D:1)
  3 orcs (D:2)
  2 bats
  3 endoplasms (D:1)
  2 giant cockroaches
  2 goblins (D:1)
  3 hobgoblins (D:1)
  3 jackals (D:2)
  A quokka (D:1)
  A ball python (D:1)
  3 frilled lizards
  6 kobolds
  A rat (D:1)
34 creatures vanquished.

Notes
Turn   | Place    | Note
-------+----------+-------------------------------------------
     0 | D:1      | qw the Naga Hunter began the quest for the Orb.
     0 | D:1      | Reached XP level 1. HP: 19/19 MP: 1/1
     0 | D:1      | 0 ||| qw: Version: 0.2-a-29-g1fa15c8
     0 | D:1      | 0 ||| qw: Game counter: 5069
     0 | D:1      | 0 ||| qw: Always use a shield: true
     0 | D:1      | 0 ||| qw: God list: Okawaru
     0 | D:1      | 0 ||| qw: Allow faded altars: false
     0 | D:1      | 0 ||| qw: Do Orc after D:15 true
     0 | D:1      | 0 ||| qw: Do second Lair branch before Depths: true
     0 | D:1      | 0 ||| qw: Lair rune preference: random
     0 | D:1      | 0 ||| qw: Plans: Normal
     0 | D:1      | 0 ||| PLANNING D:1-11
    48 | D:1      | 48 ||| INVOKING Spit Poison.
    53 | D:1      | 53 ||| INVOKING Spit Poison.
   158 | D:1      | 158 ||| INVOKING Spit Poison.
   191 | D:1      | 191 ||| INVOKING Spit Poison.
   192 | D:1      | 192 ||| INVOKING Spit Poison.
   251 | D:1      | Reached skill level 4 in Ranged Weapons
   251 | D:1      | Reached XP level 2. HP: 26/26 MP: 2/2
   320 | D:1      | 320 ||| INVOKING Spit Poison.
   460 | D:1      | 460 ||| INVOKING Spit Poison.
   541 | D:1      | 541 ||| INVOKING Spit Poison.
   545 | D:1      | 545 ||| INVOKING Spit Poison.
   548 | D:1      | 548 ||| INVOKING Spit Poison.
   663 | D:1      | 663 ||| INVOKING Spit Poison.
   674 | D:1      | 674 ||| INVOKING Spit Poison.
   706 | D:1      | 706 ||| INVOKING Spit Poison.
   772 | D:1      | 772 ||| INVOKING Spit Poison.
   773 | D:1      | 773 ||| INVOKING Spit Poison.
   775 | D:1      | Reached XP level 3. HP: 32/32 MP: 3/3
   935 | D:1      | 935 ||| READING scroll labelled ELINGUNW RESEF.
   936 | D:1      | 936 ||| READING scroll labelled IROHYUDOCU.
   939 | D:1      | 939 ||| READING scroll labelled NIZULI HILOETE.
   940 | D:1      | 940 ||| READING scroll labelled SAIDUO AFUR.
   941 | D:1      | 941 ||| READING scroll labelled UXURIR LEONA.
   942 | D:1      | 942 ||| READING scroll labelled CAERILAOFA.
   943 | D:1      | 943 ||| DROPPING scroll of butterflies.
   993 | D:2      | 993 ||| INVOKING Spit Poison.
   994 | D:2      | 994 ||| INVOKING Spit Poison.
   999 | D:2      | 999 ||| INVOKING Spit Poison.
  1034 | D:2      | 1034 ||| INVOKING Spit Poison.
  1039 | D:2      | 1039 ||| INVOKING Spit Poison.
  1073 | D:2      | 1073 ||| INVOKING Spit Poison.
  1077 | D:2      | 1077 ||| INVOKING Spit Poison.
  1082 | D:2      | 1082 ||| INVOKING Spit Poison.
  1083 | D:2      | Reached skill level 5 in Ranged Weapons
  1083 | D:2      | Reached XP level 4. HP: 25/39 MP: 4/4
  1087 | D:2      | 1087 ||| INVOKING Spit Poison.
  1092 | D:2      | 1092 ||| INVOKING Spit Poison.
  1097 | D:2      | 1097 ||| INVOKING Spit Poison.
  1109 | D:2      | 1109 ||| INVOKING Spit Poison.
  1112 | D:2      | 1112 ||| INVOKING Spit Poison.
  1215 | D:2      | Noticed Natasha
  1216 | D:2      | 1216 ||| INVOKING Spit Poison.
  1220 | D:2      | 1220 ||| INVOKING Spit Poison.
  1223 | D:2      | HP: 4/40 [Natasha (8)]
  1224 | D:2      | Reached skill level 3 in Fighting
  1224 | D:2      | Slain by Natasha

Levels and vault maps discovered:
D:1:      dpeg_arrival_round_a, layout_loops_corners, serial_forest,
          infiniplex_forest_lined_ring, infiniplex_forest_lined_room_,
          infiniplex_forest_clump_curved, infiniplex_forest_straight_1,
          infiniplex_forest_pool, infiniplex_forest_split,
          infiniplex_forest_lined_room_3
D:2:      layout_loops_ring, minmay_tall_x, uniq_natasha

Skill      XL: |  1  2  3  4 |
---------------+-------------+-----
Ranged Weapons | 4 5 |  5.0
Fighting       | 3 |  3.1
Dodging        | |  1.5
Stealth        | |  1.5

Action                     |  1- 3 |  4- 6 || total
---------------------------+-------+-------++-------
   Fire: Shortbow          |    47 |    20 ||    67
Ability: Spit Poison       |    20 |     7 ||    27
    Use: Scroll            |     6 |       ||     6
 Armour: Leather armour    |     8 |     1 ||     9
  Dodge: Dodged            |    13 |    10 ||    23

Table legend:
 A = Non-vault XP
 B = Vault XP
 C = Vault XP percentage of total XP
 D = Non-vault monster count
 E = Vault monster count
 F = Vault count percentage of total count
                 A         B        C        D         E       F
            +---------+---------+-------+---------+---------+-------
      Total |     153 |       0 |   0.0 |      34 |       0 |   0.0
            +---------+---------+-------+---------+---------+-------
        D:1 |      35 |       0 |   0.0 |      21 |       0 |   0.0
        D:2 |     118 |       0 |   0.0 |      13 |       0 |   0.0
            +---------+---------+-------+---------+---------+-------
